 Dungeon Crawl Stone Soup version 0.28.0-45-g0d030f2227 (webtiles) character file.

Game seed: 1539493077950081816

1731 Cykl0x the Digger (level 9, -5/51 HPs)
             Began as a Gargoyle Earth Elementalist on Mar 31, 2022.
             Was a Follower of Vehumet.
             Slain by a boulder beetle (50 damage)
             ... on level 6 of the Dungeon.
             The game lasted 00:09:46 (6816 turns).

Cykl0x the Digger (Gargoyle Earth Elementalist)     Turns: 6816, Time: 00:09:47

Health: -5/51      AC: 12    Str: 15    XL:     9   Next: 5%
Magic:  13/17      EV: 11    Int: 17    God:    Vehumet [*.....]
Gold:   450        SH:  0    Dex: 16    Spells: 13/18 levels left

rFire   . . .      SeeInvis .   p - +0 lajatang
rCold   . . .      Faith    .   (shield currently unavailable)
rNeg    + . .      Spirit   .   m - +0 ring mail
rPois   ∞          Reflect  .   (no helmet)
rElec   +          Harm     .   (no cloak)
rCorr   .          Rampage  .   (no gloves)
Will    .....                   (no boots)
Stlth   +.........              (no amulet)
HPRegen 0.17/turn               i - +6 ring of dexterity
MPRegen 0.15/turn               (no ring)

@: no status effects
A: sickness immunity, AC +6, negative energy resistance 1, electricity
resistance, torment resistance 1, petrification resistance
a: Renounce Religion


You were on level 6 of the Dungeon.
You worshipped Vehumet.
Vehumet was aware of your devotion.
You visited 2 branches of the dungeon, and saw 7 of its levels.

You collected 450 gold pieces.

Inventory:

Hand Weapons
 h - a +0 quarterstaff of protection
 p - a +0 lajatang (weapon)
Missiles
 c - 66 stones
 l - a throwing net
Armour
 b - a +1 robe
 m - a +0 ring mail (worn)
Jewellery
 i - a +6 ring of dexterity (left hand)
Scrolls
 f - 2 scrolls of teleportation
Potions
 a - a potion of brilliance
 d - a potion of mutation
 e - a potion of flight
 g - a potion of magic
 j - a potion of attraction {unknown}
 k - a potion of heal wounds
 n - a potion of haste {unknown}
 o - 2 potions of curing {unknown}


   Skills:
 * Level 3.3 Fighting
 + Level 3.1 Staves
 * Level 3.4 Armour
 + Level 2.5 Dodging
 - Level 2.1 Stealth
 + Level 5.3 Spellcasting
 * Level 5.5 Conjurations
 - Level 0.7 Transmutations
 + Level 0.1 Air Magic
 + Level 7.2 Earth Magic


You had 13 spell levels left.
You knew the following spells:

 Your Spells              Type           Power      Damage    Failure   Level
a - Sandblast             Erth           58%        2d13      1%          1
b - Stone Arrow           Conj/Erth      52%        3d10      6%          3
c - Shock                 Conj/Air       56%        1d6       9%          1

Your spell library contained the following spells:

 Spells                   Type           Power      Damage    Failure   Level
 Passwall                 Tmut/Erth      15%        N/A       8%          2
 Beastly Appendage        Tmut           14%        N/A       21%         1
 Apportation              Tloc           8%         N/A       26%         1
 Pain                     Necr           16%        1d4       26%         1
 Wereblood                Tmut           7%         N/A       30%         2
 Scorch                   Fire           8%         2d5       36%         2
 Petrify                  Tmut/Erth      18%        N/A       45%         4
 Spider Form              Tmut/Pois      5%         N/A       56%         3
 Flame Wave               Conj/Fire      14%        2d6       63%         4
 Alistair's Intoxication  Tmut/Pois      3%         N/A       99%         5
 Agony                    Necr           4%         N/A       100%        5
 Excruciating Wounds      Necr           2%         N/A       100%        5
 Summon Cactus Giant      Summ           2%         N/A       100%        6


Dungeon Overview and Level Annotations

Branches:
Dungeon (6/15)             Temple (1/1) D:4

Altars:
Dithmenos
Fedhas
Gozag
Hepliaklqana
Kikubaaqudgha
Okawaru
Trog
Vehumet
The Shining One


Innate Abilities, Weirdness & Mutations

You are immune to sickness and miasma.
Your stone body is resilient. (AC +6)
You are immune to poison.
You resist negative energy. (rN+)
You are resistant to electric shocks. (rElec)
You are resistant to unholy torment.
You are immune to petrification.


Message History

Casting: Stone Arrow (dangerous; 6% risk of failure)
Confirm with . or Enter, or press ? or * to list all spells.
Aiming: Stone Arrow (dangerous; 6% risk of failure)
Press: ? - help, Shift-Dir - straight line, f/p - ogre
Aim: an ogre, wielding a +0 giant club (moderately wounded, 86% to hit)
The stone arrow hits the ogre!
The ogre is almost dead.
The centaur skeleton barely misses you. x2; The ogre misses you.
The centaur skeleton misses you.
The centaur skeleton kicks you but does no damage.
You slash the ogre!
You kill the ogre!
Vehumet accepts your kill.
You feel your power returning. The centaur skeleton hits you.
The centaur skeleton kicks you but does no damage.
You hit the centaur skeleton.
The centaur skeleton is lightly damaged.
The centaur skeleton hits you but does no damage.
The centaur skeleton kicks you but does no damage.
The centaur skeleton hits you but does no damage.
The centaur skeleton kicks you but does no damage.
You slash the centaur skeleton!
The centaur skeleton is heavily damaged.
The centaur skeleton barely misses you. x2
The centaur skeleton hits you but does no damage.
The centaur skeleton completely misses you.
You hit the centaur skeleton.
The centaur skeleton is heavily damaged.
The centaur skeleton closely misses you.
The centaur skeleton kicks you.
The boulder beetle curls into a ball and begins rolling!
You hit the centaur skeleton.
The centaur skeleton is severely damaged.
The centaur skeleton hits you.
The centaur skeleton closely misses you.
The centaur skeleton hits you but does no damage.
The centaur skeleton kicks you but does no damage.
The boulder beetle hits you!!!
Ouch! That really hurt!
You die...

.. . ).
.. ..
#.###.
...#° ##
# ...
.#.##
#○##....#
#ZB@#
###..#
##....
....#
.#.##
.#..# ..
... ##
#).


You could see a boulder beetle (rolling) and a centaur skeleton.

Vanquished Creatures
  Grinder (D:5)
  A water moccasin (D:5)
  3 black bears
  2 necrophages (D:4)
  4 ogres
  A phantom (D:5)
  A howler monkey (D:4)
  2 wights (D:4)
  2 jellies
  2 hounds
  A human zombie (D:4)
  An orc wizard (D:5)
  A scorpion zombie (D:4)
  5 hound zombies (D:4)
  A howler monkey zombie (D:4)
  3 gnolls (D:4)
  A howler monkey skeleton (D:5)
  7 adders
  An adder skeleton (D:4)
  3 dart slugs
  7 orcs
  6 ball pythons
  4 bats
  3 endoplasms
  2 giant cockroaches (D:3)
  6 goblins
  4 hobgoblins
  4 jackals (D:1)
  3 quokkas
  5 frilled lizards
  12 kobolds
  4 rats
103 creatures vanquished.

Vanquished Creatures (others)
  2 plants (D:2)
2 creatures vanquished.

Grand Total: 105 creatures vanquished

Notes
Turn   | Place    | Note
-------+----------+-------------------------------------------
     0 | D:1      | Cykl0x the Gargoyle Earth Elementalist began the quest for
                  | the Orb.
     0 | D:1      | Reached XP level 1. HP: 10/10 MP: 3/3
   164 | D:1      | Reached XP level 2. HP: 15/15 MP: 0/5
   252 | D:1      | Reached skill level 4 in Earth Magic
   501 | D:1      | Reached skill level 1 in Conjurations
   660 | D:1      | Reached XP level 3. HP: 6/19 MP: 0/6
   664 | D:1      | Learned a level 3 spell: Stone Arrow
  1220 | D:2      | Identified the +1 chain mail of Inviolability {rF+ rC++
                  | Int-4}
  2115 | D:2      | Reached XP level 4. HP: 24/24 MP: 3/7
  2247 | D:2      | Found a faded altar of an unknown god.
  2635 | D:3      | Found a shadowy altar of Dithmenos.
  2811 | D:3      | Found a glowing golden altar of the Shining One.
  2899 | D:3      | Found a hazy altar of Hepliaklqana.
  3621 | D:4      | Noticed a black bear
  3624 | D:4      | Killed a black bear
  3625 | D:4      | Reached skill level 5 in Earth Magic
  3625 | D:4      | Reached XP level 5. HP: 28/28 MP: 2/9
  3703 | D:4      | Found a staircase to the Ecumenical Temple.
  3714 | Temple   | Entered the Ecumenical Temple
  3721 | Temple   | Became a worshipper of Vehumet
  3744 | D:4      | Identified the +5 morningstar of Uhonagip {vorpal, rF+}
  3780 | D:4      | Noticed a necrophage
  3789 | D:4      | Killed a necrophage
  3790 | D:4      | Reached XP level 6. HP: 21/32 MP: 1/11
  4147 | D:4      | Noticed a necrophage
  4150 | D:4      | Killed a necrophage
  4151 | D:4      | Reached skill level 6 in Earth Magic
  4332 | D:4      | Reached skill level 1 in Staves
  4332 | D:4      | Reached XP level 7. HP: 32/37 MP: 2/13
  4414 | D:4      | Found an ancient bone altar of Kikubaaqudgha.
  4734 | D:4      | Found an opulent altar of Gozag.
  4814 | D:4      | Reached skill level 1 in Fighting
  4924 | D:4      | Reached skill level 1 in Armour
  4948 | D:4      | Reached * piety under Vehumet
  4948 | D:4      | Offered knowledge of Shock by Vehumet.
  4952 | D:4      | Learned a level 2 spell: Passwall
  5356 | D:5      | Entered Level 5 of the Dungeon
  5463 | D:5      | Reached XP level 8. HP: 44/44 MP: 6/14
  5466 | D:5      | Learned a level 1 spell: Shock
  6091 | D:5      | Noticed Grinder
  6094 | D:5      | Killed Grinder
  6095 | D:5      | Reached skill level 5 in Spellcasting
  6095 | D:5      | Reached skill level 5 in Conjurations
  6095 | D:5      | Reached skill level 7 in Earth Magic
  6712 | D:6      | Reached XP level 9. HP: 35/51 MP: 5/16
  6808 | D:6      | Noticed a boulder beetle
  6816 | D:6      | Slain by a boulder beetle

Illustrated notes

Levels and vault maps discovered:
D:1:      mrwooster_arrival_arrow, layout_basic, serial_park_tiny_2
D:2:      layout_basic, ebering_ecumenical_altar_webs, chequers_big_river,
          nrook_uturn, minmay_ruptured
D:3:      layout_loops_ring, amcnicky_altar_gilded,
          mainiacjoe_overflow_six_doors_small, mainiacjoe_overflow_boulevard,
          minmay_goblin_kobold_house
D:4:      layout_rooms, nicolae_gozag_seed_capital,
          lemuel_mausoleum_altar_kikubaaqudgha, minmay_temple_entry_water_ring
D:5:      layout_loops_corners, serial_rivers, chequers_serial_rivers_large_b,
          chequers_serial_rivers_micro_d, chequers_serial_rivers_small_3,
          chequers_serial_rivers_small_a, uniq_grinder
D:6:      layout_rooms, makhleb_altar_promises_db, nicolae_water_bricks,
          uniq_prince_ribbit1, uniq_pikel
Temple:   compressed_dpeg_triangle_lava_temple

Skill      XL: |  1  2  3  4  5  6  7  8 |
---------------+-------------------------+-----
Earth Magic    | 4 5 6 7 |  7.2
Conjurations   | 1 2 3 4 5 |  5.5
Spellcasting   | 3 4 5 |  5.3
Staves         | 1 2 3 |  3.1
Fighting       | 1 3 |  3.3
Dodging        | 2 |  2.5
Armour         | 1 3 |  3.4
Stealth        | |  2.1
Transmutations | |  0.7
Air Magic      | |  0.1

Action                   |  1- 3 |  4- 6 |  7- 9 || total
-------------------------+-------+-------+-------++-------
Melee: Unarmed           |    18 |       |       ||    18
       Quarterstaff      |     2 |     3 |       ||     5
       Lajatang          |       |    20 |    45 ||    65
 Cast: Sandblast         |    28 |    20 |    25 ||    73
       Stone Arrow       |    18 |    23 |    42 ||    83
       Shock             |       |       |     8 ||     8
  Use: Scroll            |     4 |     6 |     2 ||    12
       Potion            |       |       |     1 ||     1
Armor: Robe              |    12 |    19 |    21 ||    52
       Ring mail         |       |       |    24 ||    24
Dodge: Dodged            |    20 |    19 |    60 ||    99
